NGN
SURPASS BUFFALOES @ TOKYO SWALLOWS
11/08/2043
 
TOP OF THE 1ST
Surpass Buffaloes batting - Pitching for Tokyo Swallows : RHP Juan Moreno
Pitching: RHP Juan Moreno
Batting: RHB Daishin Sato 0-0: Called Strike
0-1: Fly out, F7 (Flyball, 7LS, EV 90.0 MPH)
Batting: LHB Akira Yamamoto 0-0: Ball
1-0: Called Strike
1-1: Foul Ball, location: 2F
1-2: Ball
2-2: Foul Ball, location: 2F
2-2: SOLO HOME RUN (Flyball, 9LD, EV 86.9 MPH), Distance : 324 ft
Batting: RHB Jimmy Shabazz 0-0: Ball
1-0: Ball
2-0: Called Strike
2-1: Called Strike
2-2: Ball
3-2: Foul Ball, location: 2F
3-2: Ground out 5-3 (Groundball, 5S, EV 73.1 MPH)
Batting: RHB Xing-peng Gai 0-0: Foul Ball, location: 2F
0-1: Ball
1-1: Foul Ball, location: 2F
1-2: Foul Ball, location: 2F
1-2: Ball
2-2: Ball
3-2: Strikes out swinging
Top of the 1st over - 1 run, 1 hit, 0 errors, 0 left on base; Surpass 1 - Tokyo 0
BOTTOM OF THE 1ST
Tokyo Swallows batting - Pitching for Surpass Buffaloes : LHP Bao-qing Kao
Pitching: LHP Bao-qing Kao
Batting: SHB Matsuichi Endo 0-0: Called Strike
0-1: Ball
1-1: SOLO HOME RUN (Flyball, 7D, EV 95.6 MPH), Distance : 360 ft
Batting: LHB Talbot Viguier 0-0: Called Strike
0-1: Foul Ball, location: 2F
0-2: Fly out, F8 (Flyball, 8RXD, EV 102.5 MPH)
Batting: RHB Chris Logan 0-0: Ball
1-0: Foul Ball, location: 2F
1-1: Called Strike
1-2: Ball
2-2: Foul Ball, location: 2F
2-2: Foul Ball, location: 2F
2-2: Ball
3-2: Fly out, F9 (Flyball, 9, EV 90.0 MPH)
Batting: RHB Mike Cardwell 0-0: Ball
1-0: Ball
2-0: Ball
3-0: Called Strike
3-1: Base on Balls
Batting: LHB Soshu Onuma 0-0: Ball
1-0: Swinging Strike
1-1: Called Strike
1-2: Foul Ball, location: 2F
1-2: Strikes out swinging
Bottom of the 1st over - 1 run, 1 hit, 0 errors, 1 left on base; Surpass 1 - Tokyo 1
TOP OF THE 2ND
Surpass Buffaloes batting - Pitching for Tokyo Swallows : RHP Juan Moreno
Batting: LHB Iku Asano 0-0: Called Strike
0-1: Ball
1-1: Foul Ball, location: 2F
1-2: Strikes out swinging
Batting: RHB Masato Hoshino 0-0: Ball
1-0: Ball
2-0: Foul Ball, location: 2F
2-1: Ball
3-1: SINGLE (Line Drive, 78S, EV 92.5 MPH)
Batting: RHB Raheem Koroma 0-0: Called Strike
0-1: Swinging Strike
0-2: Strikes out looking
Batting: RHB Tokuzo Murakami 0-0: Ball
1-0: Swinging Strike
1-1: Fly out, F9 (Flyball, 89S, EV 81.9 MPH)
Top of the 2nd over - 0 runs, 1 hit, 0 errors, 1 left on base; Surpass 1 - Tokyo 1
BOTTOM OF THE 2ND
Tokyo Swallows batting - Pitching for Surpass Buffaloes : LHP Bao-qing Kao
Batting: RHB Min-jo Soon 0-0: Foul Ball, location: 2F
0-1: Fly out, F8 (Flyball, 8RM, EV 90.6 MPH)
Batting: RHB Yuuchi Torii 0-0: Ball
1-0: Fly out, F7 (Flyball, 7S, EV 87.5 MPH)
Batting: RHB Eijiro Koga 0-0: Called Strike
0-1: Ball
1-1: Foul Ball, location: 2F
1-2: Strikes out looking
Bottom of the 2nd over - 0 runs, 0 hits, 0 errors, 0 left on base; Surpass 1 - Tokyo 1
TOP OF THE 3RD
Surpass Buffaloes batting - Pitching for Tokyo Swallows : RHP Juan Moreno
Batting: RHB Tabito Matsunaga 0-0: Foul Ball, location: 2F
0-1: Called Strike
0-2: Ball
1-2: Strikes out swinging
Batting: RHB Daishin Sato 0-0: Ball
1-0: Ball
2-0: Foul Ball, location: 2F
2-1: Ball
3-1: Swinging Strike
3-2: TRIPLE (Flyball, 8RXD, EV 93.8 MPH)
Batting: LHB Akira Yamamoto 0-0: Foul Ball, location: 2F
0-1: Ball
Wild Pitch!
Daishin Sato scores
1-1: Swinging Strike
1-2: Ball
2-2: Strikes out swinging
Batting: RHB Jimmy Shabazz 0-0: Ball
1-0: Called Strike
1-1: Ball
2-1: SINGLE (Groundball, 56S, EV 70.0 MPH) (infield hit)
Batting: RHB Xing-peng Gai 0-0: Called Strike
0-1: Ball
1-1: Foul Ball, location: 2F
1-2: Foul Ball, location: 2F
1-2: Foul Ball, location: 2F
1-2: Strikes out looking
Top of the 3rd over - 1 run, 2 hits, 0 errors, 1 left on base; Surpass 2 - Tokyo 1
BOTTOM OF THE 3RD
Tokyo Swallows batting - Pitching for Surpass Buffaloes : LHP Bao-qing Kao
Batting: RHB Dong-hak Na 0-0: Ball
1-0: Swinging Strike
1-1: Called Strike
1-2: SINGLE (Groundball, 6, EV 103.8 MPH)
Batting: SHB Matsuichi Endo 0-0: Ball
1-0: Ball
2-0: Fly out, F6 (Popup, P, EV 80.6 MPH)
Batting: LHB Talbot Viguier 0-0: Fielders Choice at 2nd, 3-6 (Groundball, 34, EV 89.4 MPH)
Batting: RHB Chris Logan 0-0: Ball
Talbot Viguier steals 2nd, throwing error, E2
Talbot Viguier to third
1-0: TRIPLE (Flyball, 89XD, EV 100.0 MPH)
Talbot Viguier scores
Batting: RHB Mike Cardwell 0-0: Swinging Strike
0-1: Fly out, F7 (Flyball, 7D, EV 93.1 MPH)
Bottom of the 3rd over - 1 run, 2 hits, 1 error, 1 left on base; Surpass 2 - Tokyo 2
TOP OF THE 4TH
Surpass Buffaloes batting - Pitching for Tokyo Swallows : RHP Juan Moreno
Batting: LHB Iku Asano 0-0: Fly out, F8 (Flyball, 8LS, EV 87.5 MPH)
Batting: RHB Masato Hoshino 0-0: Ball
1-0: Ball
2-0: Ball
3-0: Called Strike
3-1: Ground out U3 (Groundball, 34, EV 110.6 MPH)
Batting: RHB Raheem Koroma 0-0: Called Strike
0-1: Called Strike
0-2: Strikes out looking
Top of the 4th over - 0 runs, 0 hits, 0 errors, 0 left on base; Surpass 2 - Tokyo 2
BOTTOM OF THE 4TH
Tokyo Swallows batting - Pitching for Surpass Buffaloes : LHP Bao-qing Kao
Batting: LHB Soshu Onuma 0-0: Ball
1-0: Foul Ball, location: 2F
1-1: Ball
2-1: Swinging Strike
2-2: Fly out, F6 (Line Drive, 6, EV 65.6 MPH)
Batting: RHB Min-jo Soon 0-0: Called Strike
0-1: Called Strike
0-2: Ball
1-2: Ball
2-2: Ball
3-2: Fly out, F8 (Flyball, 8LM, EV 84.4 MPH)
Batting: RHB Yuuchi Torii 0-0: Ball
1-0: Called Strike
1-1: Fly out, F8 (Flyball, 8RXD, EV 83.1 MPH)
Bottom of the 4th over - 0 runs, 0 hits, 0 errors, 0 left on base; Surpass 2 - Tokyo 2
TOP OF THE 5TH
Surpass Buffaloes batting - Pitching for Tokyo Swallows : RHP Juan Moreno
Batting: RHB Tokuzo Murakami 0-0: Called Strike
0-1: Ball
1-1: Ball
2-1: Foul Ball, location: 2F
2-2: Ball
3-2: Fly out, F8 (Flyball, 8RD, EV 92.5 MPH)
Batting: RHB Tabito Matsunaga 0-0: Ball
1-0: Ball
2-0: Called Strike
2-1: SOLO HOME RUN (Line Drive, 7LD, EV 93.1 MPH), Distance : 358 ft
Batting: RHB Daishin Sato 0-0: Called Strike
0-1: Ball
1-1: Foul Ball, location: 2F
1-2: Fly out, F9 (Flyball, 9S, EV 81.2 MPH)
Batting: LHB Akira Yamamoto 0-0: Called Strike
0-1: Ball
1-1: Foul Ball, location: 2F
1-2: Strikes out swinging
Top of the 5th over - 1 run, 1 hit, 0 errors, 0 left on base; Surpass 3 - Tokyo 2
BOTTOM OF THE 5TH
Tokyo Swallows batting - Pitching for Surpass Buffaloes : LHP Bao-qing Kao
Batting: RHB Eijiro Koga 0-0: Fly out, F9 (Flyball, 9, EV 95.0 MPH)
Batting: RHB Dong-hak Na 0-0: Called Strike
0-1: Foul Ball, location: 2F
0-2: Foul Ball, location: 2F
0-2: Foul Ball, location: 2F
0-2: Strikes out swinging
Batting: SHB Matsuichi Endo 0-0: Foul Ball, location: 2F
0-1: Ball
1-1: Ball
2-1: Ball
3-1: Called Strike
3-2: Fly out, F9 (Flyball, 9, EV 91.9 MPH)
Bottom of the 5th over - 0 runs, 0 hits, 0 errors, 0 left on base; Surpass 3 - Tokyo 2
TOP OF THE 6TH
Surpass Buffaloes batting - Pitching for Tokyo Swallows : RHP Juan Moreno
Batting: RHB Jimmy Shabazz 0-0: Called Strike
0-1: Foul Ball, location: 2F
0-2: Ground out 1-3 (Groundball, 25, EV 68.8 MPH)
Batting: RHB Xing-peng Gai 0-0: Called Strike
0-1: Ball
1-1: Ball
2-1: Fly out, F4 (Popup, 34, EV 65.0 MPH)
Batting: LHB Iku Asano 0-0: Ball
1-0: Fly out, F6 (Popup, 6S, EV 77.5 MPH)
Top of the 6th over - 0 runs, 0 hits, 0 errors, 0 left on base; Surpass 3 - Tokyo 2
BOTTOM OF THE 6TH
Tokyo Swallows batting - Pitching for Surpass Buffaloes : LHP Bao-qing Kao
Batting: LHB Talbot Viguier 0-0: SINGLE (Groundball, 15S, EV 70.6 MPH) (infield hit)
Batting: RHB Chris Logan 0-0: Ball
Talbot Viguier is caught stealing 2nd base 2-4
1-0: Ball
2-0: Ball
3-0: Base on Balls
Batting: RHB Mike Cardwell 0-0: Foul Ball, location: 2F
0-1: Called Strike
0-2: Ball
1-2: Foul Ball, location: 2F
1-2: Strikes out swinging
Batting: LHB Soshu Onuma 0-0: Ball
Chris Logan steals 2nd base
1-0: Called Strike
1-1: Foul Ball, location: 2F
1-2: Ball
2-2: Strikes out swinging
Bottom of the 6th over - 0 runs, 1 hit, 0 errors, 1 left on base; Surpass 3 - Tokyo 2
TOP OF THE 7TH
Surpass Buffaloes batting - Pitching for Tokyo Swallows : RHP Juan Moreno
Batting: RHB Masato Hoshino 0-0: Ball
1-0: Ball
2-0: Called Strike
2-1: Ball
3-1: Called Strike
3-2: Strikes out swinging
Pitching: RHP Mitsukuni Ito
Batting: RHB Raheem Koroma 0-0: Called Strike
0-1: Ball
1-1: Foul Ball, location: 2F
1-2: Strikes out swinging
Batting: RHB Tokuzo Murakami 0-0: Ball
1-0: Called Strike
1-1: Fly out, F7 (Flyball, 7, EV 85.6 MPH)
Top of the 7th over - 0 runs, 0 hits, 0 errors, 0 left on base; Surpass 3 - Tokyo 2
BOTTOM OF THE 7TH
Tokyo Swallows batting - Pitching for Surpass Buffaloes : LHP Bao-qing Kao
Batting: RHB Min-jo Soon 0-0: Ball
1-0: Called Strike
1-1: Ball
2-1: Fly out, F8 (Flyball, 8RXD, EV 103.1 MPH)
Batting: RHB Yuuchi Torii 0-0: Ball
1-0: Called Strike
1-1: Swinging Strike
1-2: Fly out, F9 (Flyball, 9LS, EV 92.5 MPH)
Batting: RHB Eijiro Koga 0-0: Ball
1-0: Foul Ball, location: 2F
1-1: Ball
2-1: Ball
3-1: Base on Balls
Batting: RHB Dong-hak Na Pickoff Throw to First - Out! 1-3 CS
Bottom of the 7th over - 0 runs, 0 hits, 0 errors, 0 left on base; Surpass 3 - Tokyo 2
TOP OF THE 8TH
Surpass Buffaloes batting - Pitching for Tokyo Swallows : RHP Mitsukuni Ito
Pinch Hitting: LHB Yutaka Imaizumi 0-0: Ball
1-0: Called Strike
1-1: Foul Ball, location: 2F
1-2: Reached on error, E4 (Groundball, 4, EV 90.6 MPH)
Batting: RHB Daishin Sato 0-0: Called Strike
0-1: Fly out, F8 (Flyball, 8LD, EV 94.4 MPH)
Batting: LHB Akira Yamamoto 0-0: Ground out 1-3 (Groundball, P, EV 66.2 MPH)
Yutaka Imaizumi to third
Batting: RHB Jimmy Shabazz 0-0: Ball
1-0: Ball
2-0: Ball
3-0: Base on Balls
Batting: RHB Xing-peng Gai 0-0: Fly out, F9 (Line Drive, 9S, EV 87.5 MPH)
Top of the 8th over - 0 runs, 0 hits, 1 error, 2 left on base; Surpass 3 - Tokyo 2
BOTTOM OF THE 8TH
Tokyo Swallows batting - Pitching for Surpass Buffaloes : LHP Bao-qing Kao
Now at 1B: Senichi Sumi
Now at SS: Kansuke Yamamoto
Now in CF: Yugoro Ishikawa
Batting: RHB Dong-hak Na 0-0: Hit by Pitch
Batting: SHB Matsuichi Endo 0-0: Ball
1-0: Sac Bunt to P - play at first, batter OUT! 1-4
Dong-hak Na to second
Pitching: RHP Jake Nickelson
Batting: LHB Talbot Viguier 0-0: Ball
1-0: Swinging Strike
1-1: Foul Ball, location: 2F
1-2: Foul Ball, location: 2F
1-2: Strikes out looking
Batting: RHB Chris Logan 0-0: Foul Ball, location: 2F
0-1: 2-RUN HOME RUN (Flyball, 89XD, EV 102.5 MPH), Distance : 389 ft
Batting: RHB Mike Cardwell 0-0: Ball
1-0: Ball
2-0: Ball
3-0: Called Strike
3-1: Ground out 6-3 (Groundball, 6, EV 84.4 MPH)
Bottom of the 8th over - 2 runs, 1 hit, 0 errors, 0 left on base; Surpass 3 - Tokyo 4
TOP OF THE 9TH
Surpass Buffaloes batting - Pitching for Tokyo Swallows : RHP Mitsukuni Ito
Pitching: RHP Patrizio Francioni
Batting: LHB Iku Asano 0-0: Ball
1-0: Swinging Strike
1-1: Swinging Strike
1-2: Foul Ball, location: 2F
1-2: Fly out, F8 (Line Drive, 8LD, EV 96.2 MPH)
Pinch Hitting: SHB Reijiro Aoki 0-0: Ball
1-0: Ball
2-0: Ball
3-0: Base on Balls
Pinch Hitting: SHB Suezo Tanada 0-0: Called Strike
0-1: Foul Ball, location: 2F
0-2: Strikes out looking
Pinch Hitting: LHB Yoo-hyun Doh 0-0: Swinging Strike
0-1: Swinging Strike
0-2: Ball
1-2: Ball
2-2: Strikes out swinging
Top of the 9th over - 0 runs, 0 hits, 0 errors, 1 left on base; Surpass 3 - Tokyo 4
Sunday, January 15th , 2023 - OOTP Baseball 23.10 Build 105